Cogmind - Beta 13 @@@ ROGUE MODE // 2024.05.15 @ 15:11:36 Player: my balls icht Result: Core destroyed Performance ------------- Evolutions (2) 1000 Regions Visited (5) 1000 Robots Destroyed (45) 225 Value Destroyed (1650) 1650 Prototype IDs (10) 200 Alien Tech Used (0) 0 Bonus (144) 144 TOTAL SCORE: 4219 Bonus ------- High Alert Combat Kills 144 Cogmind --------- Core Integrity 0/550 Matter 127/300 Energy 104/160 System Corruption 15% Temperature Cool (2) Movement Hovering (56) Location -8/Storage Parts ------- > --- POWER (2) -------- Light Nuclear Core > --- PROPULSION (3) --- Aluminum Leg Aerolev Unit Aerolev Unit > --- UTILITY (4) ------ Core Analyzer > --- WEAPON (2) ------- Advanced Beam Cannon Enhanced Autogun > --- INVENTORY (5) ---- Aluminum Leg Wheel Armored Huge Wheel Heavy EM Shotgun Peak State ------------ > --- POWER ------------ Improved Ion Engine Cold Fusion Reactor > --- PROPULSION ------- Aerolev Unit Aerolev Unit Aerolev Unit > --- UTILITY ---------- Heat Sink Small Storage Unit Core Analyzer Hacking Suite > --- WEAPON ----------- Improved Grenade Launcher Precision Rocket Launcher > --- INVENTORY -------- Wheel Armored Huge Wheel Aerolev Unit Field Recycling Unit Improved EM Shotgun Heavy Assault Rifle [Rating: 40] Favorites ----------- Power Ion Engine Engine Ion Engine Power Core Light Nuclear Core Reactor Cold Fusion Reactor Propulsion Light Treads Treads Light Treads Leg Aluminum Leg Wheel Armored Huge Wheel Hover Unit Aerolev Unit Flight Unit Flight Unit Utility Small Storage Unit Device Improved Terrain Scanner Storage Small Storage Unit Processor Core Analyzer Hackware Hacking Suite Protection Hardened Light Armor Plating Weapon Beam Cannon Energy Gun Improved EM Shotgun Energy Cannon Beam Cannon Ballistic Gun Heavy Assault Rifle Ballistic Cannon Light Cannon Launcher Rocket Launcher Special Weapon Mining Laser Build | -11 -10 -9 -9 -8 -8 ------- Run | Yrd Mat Mat Min Mat Sto Slots Evolved 4 | . . 2 . 2 . Power 1 | . . 1 . . . Propulsion 1 | . . . . 1 . Utility 2 | . . 1 . 1 . Weapon . | . . . . . . Parts Attached 63 | 8 2 11 5 6 31 Power 10 | 1 . 4 . 1 4 Engine 7 | 1 . 3 . 1 2 Core 2 | . . 1 . . 1 Reactor 1 | . . . . . 1 Propulsion 23 | 3 . 2 1 3 14 Treads 10 | 2 . 1 1 2 4 Leg 3 | 1 . . . . 2 Wheel 1 | . . . . 1 . Hover 7 | . . . . . 7 Flight 2 | . . 1 . . 1 Utility 9 | 2 . 3 1 2 1 Device 3 | 1 . . 1 . 1 Storage 1 | 1 . . . . . Processor 1 | . . . . 1 . Hackware 1 | . . 1 . . . Protection 3 | . . 2 . 1 . Artifact . | . . . . . . Weapon 21 | 2 2 2 3 . 12 Energy Gun 3 | . . . . . 3 Energy Cannon 2 | . . 1 . . 1 Ballistic Gun 7 | 2 . 1 1 . 3 Ballistic Cannon 2 | . 2 . . . . Launcher 5 | . . . 1 . 4 Special Weapon 2 | . . . 1 . 1 Impact Weapon . | . . . . . . Slashing Weapon . | . . . . . . Piercing Weapon . | . . . . . . Special Melee Weapon . | . . . . . . Unidentified Prototypes 8 | . . . . . 8 Corrupted Parts 1 | . . . . . 1 System Corruption 10 | . . . . . 10 Parts Lost 25 | . . 6 . . 19 Power 5 | . . 2 . . 3 Propulsion 8 | . . 2 . . 6 Utility 5 | . . 1 . . 4 Weapon 7 | . . 1 . . 6 Highest Loss Streak 5 | . . 5 . . 5 To Critical Strikes 1 | . . 1 . . . Average Slot Usage (%) 92 | . 100 89 100 97 84 Engine 15 | . 14 16 22 18 9 Reactor 1 | . . . . . 5 Treads 15 | . 28 12 14 23 12 Hover 2 | . . . . . 8 Flight 3 | . . 7 7 . . Device 4 | . 14 1 3 1 4 Storage 10 | . 14 11 11 9 8 Processor 3 | . . . . 7 9 Hackware 7 | . . 10 11 9 6 Protection 4 | . . 4 7 9 3 Energy Cannon 5 | . . 8 11 9 1 Ballistic Gun 7 | . 18 8 7 . 2 Ballistic Cannon 2 | . 9 4 . . . Launcher 3 | . . . 3 9 7 Naked Turns . | . . . . . . Heaviest Build 42 | 15 17 26 30 35 42 Greatest Support 65 | 40 40 40 43 65 65 Greatest Overweight (x) 7 | . . 6 1 . 7 Average Overweight (x) . | . . . . . . Largest Inventory Capacity 8 | 8 8 8 8 8 8 Average Capacity 7 | 6 8 8 8 8 7 Most Carried 8 | 2 5 4 3 7 8 Average Carried 3 | 1 3 1 1 4 6 Final Capacity 8 | 8 8 8 8 8 5 Final Carried 5 | 2 5 1 3 5 5 Class Distribution -------------------- 56% | Mutant 43% | Scavenger-Mutant Dominant Class ---------------- Mutant | -10/Materials Scavenger-Mutant | -9/Materials Scavenger-Mutant | -9/Mines Mutant | -8/Materials Mutant | -8/Storage Resources | -11 -10 -9 -9 -8 -8 ----------- Run | Yrd Mat Mat Min Mat Sto Matter Collected 1334 | 244 86 251 22 7 724 Remotely . | . . . . . . Salvage Created 1579 | 18 129 325 . 44 1063 Parts 87 | 4 10 19 . 1 53 Haulers Intercepted 1 | . . . . . 1 Recyclers Shooed 3 | . . 1 . . 2 Parts Field Recycled 4 | . . . 4 . . Retrieved Matter 3 | . . . 3 . . Parts Self-Destructed . | . . . . . . Prevented . | . . . . . . Kills | -11 -10 -9 -9 -8 -8 ------- Run | Yrd Mat Mat Min Mat Sto Combat Hostiles Destroyed 36 | . 4 11 . 1 20 Guns 8 | . 1 2 . . 5 Cannons 16 | . 3 9 . 1 3 AOE 11 | . . . . . 11 Classes Destroyed 11 | 1 3 3 . . 4 Worker 2 | . . 1 . . 1 Tunneler 1 | 1 . . . . . Hauler 1 | . . . . . 1 Recycler 2 | . . . . . 2 Mechanic 1 | . . . . . 1 Operator 1 | . 1 . . . . Watcher 1 | . 1 . . . . Swarmer 4 | . . 4 . . . Grunt 19 | . 4 5 . . 10 Sentry 12 | . . 2 . 1 9 Hunter 1 | . . . . . 1 Best Kill Streak 10 | 1 3 4 . 1 10 Combat Bots Only 8 | . 2 3 . 1 8 Max Kills in Single Turn 3 | 1 1 1 . 1 3 Gunslinging . | . . . . . . Exploded 3 | . . . . . 3 Melee . | . . . . . . Uniques/NPCs Destroyed . | . . . . . . Combat | -11 -10 -9 -9 -8 -8 -------- Run | Yrd Mat Mat Min Mat Sto Hostile Shots Fired 264 | . 27 90 . 16 131 Missed 68 | . 3 26 . 6 33 Damage Taken 3638 | . 333 867 . 149 2289 Core 735 | . 67 109 . 61 498 Absorbed by Shields . | . . . . . . Regen/Repaired (Parts) 146 | . . . . . 146 Core Remaining (%) 81 | 100 73 . 72 . . Volleys Fired 137 | 2 19 32 2 12 70 Largest 2 | 2 2 2 1 2 2 Hottest 145 | 40 70 95 100 93 145 Shots Fired 216 | 4 38 64 2 15 93 Gun 69 | 4 4 17 . . 44 Cannon 112 | . 34 47 . 12 19 Launcher 29 | . . . . 3 26 Special 6 | . . . 2 . 4 Kinetic 110 | 4 38 45 . . 23 Thermal 56 | . . 19 2 12 23 Explosive 29 | . . . . 3 26 Electromagnetic 21 | . . . . . 21 Robot Hit Streak 18 | 1 3 7 . 3 18 Robot Miss Streak 4 | . 3 3 . 3 4 Penetration Max . | . . . . . . Secondary Targets . | . . . . . . Shots Hit Robots 118 | 1 20 39 . 8 50 Core Hits 74 | 1 7 15 . 2 49 Critical Kills . | . . . . . . Critical Parts Destroyed . | . . . . . . Critical Strikes 3 | . 1 2 . . . Blast 3 | . 1 2 . . . Melee Attacks . | . . . . . . Impact . | . . . . . . Slashing . | . . . . . . Piercing . | . . . . . . Sneak Attacks . | . . . . . . Combat Hostiles . | . . . . . . Follow-up Attacks . | . . . . . . Damage Inflicted 3396 | 10 373 670 . 151 2192 Guns 621 | 10 29 134 . . 448 Cannons 1259 | . 344 536 . 124 255 Explosions 1493 | . . . . 27 1466 Melee . | . . . . . . Ramming 23 | . . . . . 23 Kinetic 980 | 10 373 479 . . 118 Thermal 801 | . . 191 . 124 486 Explosive 1262 | . . . . 27 1235 Electromagnetic 330 | . . . . . 330 Impact . | . . . . . . Slashing . | . . . . . . Piercing . | . . . . . . Highest Corruption 15 | . . 1 1 . 15 Average Corruption 5 | . . 1 1 . 11 Corruption Purged . | . . . . . . Corruption Blocked . | . . . . . . Effects 23 | . . . 4 . 19 Message Errors 7 | . . . . . 7 Matter Fused 5 | . . . 1 . 4 Heat Flow Errors 2 | . . . 1 . 1 Energy Discharges 5 | . . . 1 . 4 Data Loss (minor) 1 | . . . 1 . . Misfires 1 | . . . . . 1 Alerts 1 | . . . . . 1 Weapon Failures 1 | . . . . . 1 Overload Shots . | . . . . . . Overflow Damage 51 | . 3 5 . . 43 Projectiles 8 | . 3 5 . . . Explosions 43 | . . . . . 43 Melee . | . . . . . . Knockbacks 5 | . . 5 . . . Impact . | . . . . . . Kinetic 5 | . . 5 . . . Secondary . | . . . . . . Self-Inflicted Damage 387 | . . . . . 387 Shots 11 | . . . . . 11 Rammed 5 | . . . . . 5 Targets Rammed 5 | . . . . . 5 Kicked . | . . . . . . Crushed . | . . . . . . Highest Temperature 418 | . 337 418 190 394 205 Average Temperature 118 | . 192 119 67 201 62 Received Heat Transfer 1272 | . 225 327 . 27 693 Effects 6 | . 2 2 . 2 . Shutdowns 3 | . 1 1 . 1 . Energy Bleed 2 | . 1 . . 1 . Damage (minor) 1 | . . 1 . . . Siege Activations . | . . . . . . Robots Corrupted 1 | . . . . . 1 Combat Hostiles 1 | . . . . . 1 Parts Fried 1 | . . . . . 1 Impact Corruptions . | . . . . . . Robots Melted . | . . . . . . Combat Hostiles . | . . . . . . Parts Melted 2 | . . . . 1 1 Heat Transferred 1384 | . . 407 . 259 718 Parts Sabotaged . | . . . . . . Parts Stolen . | . . . . . . Parts Stripped . | . . . . . . Power Chain Reactions 3 | . . . . . 3 Alert | -11 -10 -9 -9 -8 -8 ------- Run | Yrd Mat Mat Min Mat Sto Peak Influence 702 | 5 194 363 65 72 702 Initial 81 | . 3 81 63 . 29 Average 226 | . 66 264 40 35 508 Maximum Alert Level 3 | . . 1 . . 3 Low Security (%) 61 | 100 100 31 100 100 16 Level 1 13 | . . 68 . . 2 Level 2 23 | . . . . . 77 Level 3 1 | . . . . . 4 Level 4 . | . . . . . . Level 5 . | . . . . . . High Security . | . . . . . . Max Security . | . . . . . . Squads Dispatched 9 | . 2 . . . 7 Investigation 5 | . 1 . . . 4 Extermination . | . . . . . . Reinforcement 1 | . 1 . . . . Assault . | . . . . . . Garrison 3 | . . . . . 3 Intercept . | . . . . . . Searches Triggered . | . . . . . . Construction Impeded . | . . . . . . Haulers Reinforced . | . . . . . . Active Scanning Responses . | . . . . . . Cargo Convoy Interrupts . | . . . . . . Stealth | -11 -10 -9 -9 -8 -8 --------- Run | Yrd Mat Mat Min Mat Sto Distress Signals 2 | . . 1 . . 1 Communications Jammed . | . . . . . . Distress Signals . | . . . . . . Times Spotted 52 | . 8 17 . 2 25 Peak Tracking Total 8 | . 4 8 . 1 5 Tactical Retreats 3 | . . 2 . . 1 Traps | -11 -10 -9 -9 -8 -8 ------- Run | Yrd Mat Mat Min Mat Sto Traps Triggered 3 | . . 1 . . 2 Indirectly . | . . . . . . Trap Hack Attempts . | . . . . . . Triggered . | . . . . . . Disarmed . | . . . . . . Reprogrammed . | . . . . . . Reused . | . . . . . . Traps Extracted . | . . . . . . Installed . | . . . . . . Triggered . | . . . . . . Machines | -11 -10 -9 -9 -8 -8 ---------- Run | Yrd Mat Mat Min Mat Sto Machines Disabled 13 | . 1 . . . 12 Max in Single Turn 2 | . 1 . . . 2 Machines Repaired . | . . . . . . Machines Dismantled . | . . . . . . Machines Sabotaged . | . . . . . . Overloaded Fab Kills . | . . . . . . Hacking | -11 -10 -9 -9 -8 -8 --------- Run | Yrd Mat Mat Min Mat Sto Machines Accessed 9 | . 2 . . . 7 Terminals 5 | . 1 . . . 4 Fabricators . | . . . . . . Repair Stations 1 | . . . . . 1 Recycling Units 2 | . 1 . . . 1 Scanalyzers . | . . . . . . Garrison Access 1 | . . . . . 1 Total Hacks 21 | . 5 . . . 16 Successful 9 | . 3 . . . 6 Failed 12 | . 2 . . . 10 Catastrophic 2 | . . . . . 2 Database Lockouts . | . . . . . . Manual . | . . . . . . Terminals 10 | . 4 . . . 6 Fabricators . | . . . . . . Repair Stations 3 | . . . . . 3 Recycling Units 4 | . 1 . . . 3 Scanalyzers . | . . . . . . Garrison Access 4 | . . . . . 4 Terminal Hacks 5 | . 2 . . . 3 Prototype ID Bank 1 | . 1 . . . . Open Door 2 | . . . . . 2 Dispatch Records 1 | . 1 . . . . Zone Layout 1 | . . . . . 1 Fabricator Hacks . | . . . . . . Repair Station Hacks 2 | . . . . . 2 Scan Component 1 | . . . . . 1 Repair 1 | . . . . . 1 Recycling Unit Hacks 2 | . 1 . . . 1 Report Inventory 2 | . 1 . . . 1 Scanalyzer . | . . . . . . Garrison Access Hacks . | . . . . . . Unauthorized Hacks . | . . . . . . Terminals . | . . . . . . Fabricators . | . . . . . . Repair Stations . | . . . . . . Recycling Units . | . . . . . . Scanalyzers . | . . . . . . Garrison Access . | . . . . . . Data Cores Recovered . | . . . . . . Used . | . . . . . . Hacking Detections 4 | . 1 . . . 3 Full Trace Events 4 | . 1 . . . 3 Feedback Events 1 | . . . . . 1 Hackware Fried 1 | . . . . . 1 Feedback Blocked . | . . . . . . Robot Schematics Acquired . | . . . . . . Robots Built . | . . . . . . Authchips . | . . . . . . Time . | . . . . . . Total Robot Build Rating . | . . . . . . Part Schematics Acquired . | . . . . . . Parts Built . | . . . . . . Authchips . | . . . . . . Time . | . . . . . . Total Part Build Rating . | . . . . . . Parts Repaired 1 | . . . . . 1 Time 19 | . . . . . 19 Parts Recycled . | . . . . . . Recycled Matter . | . . . . . . Retrieved Matter . | . . . . . . Retrieved Components . | . . . . . . Parts Scanalyzed . | . . . . . . Part Schematics Acquired . | . . . . . . Parts Damaged . | . . . . . . Bothacking | -11 -10 -9 -9 -8 -8 ------------ Run | Yrd Mat Mat Min Mat Sto Used RIF Installer . | . . . . . . Robots Hacked . | . . . . . . Non-combat . | . . . . . . Combat . | . . . . . . Robot Hacks Applied . | . . . . . . Relay Couplers Released . | . . . . . . Fabnet Peak Effective % . | . . . . . . Robots Rewired . | . . . . . . Allies Hacked . | . . . . . . Hacks Repelled . | . . . . . . Allies | -11 -10 -9 -9 -8 -8 -------- Run | Yrd Mat Mat Min Mat Sto Total Allies 1 | . . . 1 . . Largest Group 1 | . . . 1 . . Highest-Rated Group 31 | . . . 31 . . Highest-Rated Ally 31 | . . . 31 . . Total Orders . | . . . . . . Ally Attacks . | . . . . . . Total Damage . | . . . . . . Kills . | . . . . . . Allies Corrupted . | . . . . . . Allies Melted . | . . . . . . Intel | -11 -10 -9 -9 -8 -8 ------- Run | Yrd Mat Mat Min Mat Sto Robot Analysis Total . | . . . . . . Derelict Logs Recovered . | . . . . . . Drone Launches . | . . . . . . Drone Recoveries . | . . . . . . Exploration | -11 -10 -9 -9 -8 -8 ------------- Run | Yrd Mat Mat Min Mat Sto Turns Passed 2374 | 74 344 445 620 170 721 Spaces Moved 1118 | 36 176 152 287 92 375 Core 11 | 2 . 1 . . 8 Treads 883 | 33 176 144 287 74 169 Legs 5 | 1 . . . . 4 Wheels 18 | . . . . 18 . Hover 193 | . . . . . 193 Flight 8 | . . 7 . . 1 Fastest Speed 46 | 50 160 160 160 100 46 Average Speed 166 | 152 160 220 208 145 120 Slowest Speed 525 | 160 160 440 240 160 525 Overloaded Moves . | . . . . . . Propulsion Burnouts . | . . . . . . Robots Hopped . | . . . . . . Cave-ins Triggered 1 | . . . . . 1 Exploration Rate (%) 30 | 3 40 16 63 8 51 Regions Visited 5 Branch Regions 2 Pre-discovered Areas . | . . . . . . Known Exits Taken . | . . . . . . Unknown Exits Taken 5 | 1 1 1 1 1 . Scrap Searched 1 | . . . 1 . . Spaces Dug 18 | . . . 2 . 16 Terrain Destroyed 311 | . . . 2 34 275 Melee . | . . . . . . Projectile 3 | . . . 2 . 1 AOE 308 | . . . . 34 274 Terrain Rammed . | . . . . . . Walls Destroyed . | . . . . . . Machines Disabled . | . . . . . . Actions | -11 -10 -9 -9 -8 -8 --------- Run | Yrd Mat Mat Min Mat Sto Total 1394 | 48 201 197 301 114 533 Wait 41 | . . . 3 . 38 Move 1113 | 35 175 151 286 91 375 Hop . | . . . . . . Pick Up 13 | 2 3 . 2 1 5 Fast Attach 43 | 8 2 7 2 3 21 Attach 13 | . . 4 1 3 5 Detach 5 | . . . 1 3 1 Swap 7 | . . . 2 . 5 Drop 18 | 1 2 3 2 1 9 Fire 137 | 2 19 32 2 12 70 Melee . | . . . . . . Ram 4 | . . . . . 4 Kick . | . . . . . . Crush . | . . . . . . Escape Stasis . | . . . . . . Rewire . | . . . . . . Trap . | . . . . . . Miscellaneous . | . . . . . . Route ------- -11/Scrapyard -10/Materials -9/Materials -9/Mines (discovered 2 exits: [*Mat x2]) -8/Materials -8/Storage (discovered 1 exit: [Rec]) History --------- Turn | Location | Event 7 | -11/Scrapyard | Discovered new exit (range 16) 75 | -11/Scrapyard | Entered Materials 320 | -10/Materials | Build established: Mutant 391 | -10/Materials | Discovered new exit (range 16) 419 | -10/Materials | Entered another Materials area 419 | -9/Materials | Evolved 2 slots: Power x1, Utility x1 573 | -9/Materials | Lost 5 parts (1p2n1u1w) 773 | -9/Materials | Discovered new exit (range 12) 799 | -9/Materials | Build established: Scavenger-Mutant 864 | -9/Materials | Entered Mines 869 | -9/Mines | Met a Derelict bent on vengeance 903 | -9/Mines | Discovered new exit (range 10) 1130 | -9/Mines | Received a Mining Laser from a helpful Derelict 1442 | -9/Mines | Discovered new exit (range 9) 1484 | -9/Mines | Entered Materials 1484 | -8/Materials | Evolved 2 slots: Propulsion x1, Utility x1 1551 | -8/Materials | Discovered new exit (range 15) 1595 | -8/Materials | Build established: Mutant 1654 | -8/Materials | Entered Storage 1769 | -8/Storage | Garrison activated, responded to threat 1810 | -8/Storage | Lost 4 parts (2n2w) 1837 | -8/Storage | Destroyed 8 combat bots 1940 | -8/Storage | Lost 4 parts (1p1n1u1w) 1946 | -8/Storage | System corruption reached 10% 2012 | -8/Storage | Repaired Adv. Treads 2193 | -8/Storage | Discovered new exit (range 16) 2202 | -8/Storage | Hacking Suite fried by hacking feedback 2237 | -8/Storage | Crushed by falling debris 2237 | -8/Storage | Core integrity fell below 50% 2277 | -8/Storage | Core integrity fell below 20% 2302 | -8/Storage | Lost 3 parts (1u2w) 2363 | -8/Storage | Lost 5 parts (1p2n1u1w) 2375 | -8/Storage | Core destroyed Last Messages --------------- G-47 Trooper destroyed. Critical hit (Burn: +37). System corrupted: Heat flow error (+132). G-47 Trooper destroyed. Acquired 60 matter. K-01 Serf collects debris. Acquired Aluminum Leg. K-01 Serf collects debris. Acquired Aerolev Unit. K-01 Serf collects debris. R-06 Scavenger collects Field Recycling Unit. Acquired Prototype Ballistic Gun. K-01 Serf collects debris. R-06 Scavenger collects Corrupted Particle Gun. IRWJK3L23A5XU L1G=O&6KV Identified Enh. Autogun. K-01 Serf collects debris. Slammed into R-06 Scavenger. R-06 Scavenger destroyed. Destabilizing: Core damaged (-27). Map ----- +----------------------------------------------------+ | | | | | | | | | | | | | | | ?????????????????????????????????????????????????# | | ??????????????????????????????????????????????#### | | ????????????????????????????????????????????### | | ????????????????????????????????????????????#"" "" | | ????????????????????????????????????????????#"T "" | | ???????????????????????????????###########??#"" "" | | ??????????????????????????????? #??### | | ???????????##########??????????###### #????# "" | | ??????????## ##?????????????# #????# "" | | ????#####?# #?????????????# #????# "" | | ????# #? #?????????????# #????# | | ????# ## #????########## ######### | | ????# ## [ #????# # | | ????# "" % ###??# # ########## | | ????# G" [ ## #??# # # !! # | | ????# "" # #### # # ! # | | ??### # = # # """"" + # # | | ###T# %= #####+##;; = =" # # # | | # * + ! !!%@!% =[" # # # | | ##### =[##=;k """"" # + # | | ????## " "## % # ; # # + | | ??????# # "R"## # ########### # # | | ??????# #??""## ## # ## # ##?###?# # # | | ?????##+####### # # ### ### ########## | | ?????# # ## # ## # # ??? # | | ?????# """# ## # # # """?? # | | ?????# """# [# # # "[""""!# | | ?????# * """# # # "*""*" # | | ?????# + ## "" # "] " " | | ?????# "" # ## # + """"= " | | ?????# """# "### # ## "" # "" | | ?????# """# T#?###### # " | | ?????# # "#??????# # # # | | ?????########## ##??????# # ########## | | ??????????????# #???????########### #??????### | | ??????????????# #?????????????????#####??????# | | ??????????????# #??????????????????????????????# | | ??????????????# #??????????????????????????????? | | ??????????????# #??????????????????????????????? | | ??????????????# #??????????????????????????????? | | ??????????????? ??????????????????????????????? | | ??????????????? ??????????????????????????????? | | ??????????????? ???????????????????????????????? | +----------------------------------------------------+ Best States ------------- Heat Dissipation 41 Energy Generation 26 Energy Capacity 425 Matter Stores 252 Matter Capacity 300 Sight Range 16 Terrain Scan Range 16 Terrain Scan Density 10 Armor Coverage 150 Evasion (%) 55 Core Analysis 6 Recoil Reduction 3 Offensive Hacking 10 Item Schematics ----------------- None Robot Schematics ------------------ None Fabricated ------------ Nothing Alien Tech Used ----------------- None Achievements -------------- None Challenges ------------ None Game ------ Seed BurstCryofiberNeutralizer Manual? 0 Play Time 00:21:47 Cumulative 16.0 hours Start 2024.05.15 @ 12:47:34 End 2024.05.15 @ 15:11:36 Sessions 3 Manual Loads 0 Difficulty Rogue Special Mode None Game No. 45 Rogue 45 Adventurer 0 Explorer 0 Win Type - Total 0 Types 0/0/0/0/0/0/0/0/0 Lore% 18 Gallery% 27 Achievement% 21 Wizard Run 0 Options --------- Layout 1 ASCII 0 Keyboard 0 Movement Mouse Keybinds 0 Fullscreen 1 Font 24/Smallcaps Map View 50x35 Zoom Use 0% Tactical HUD 0 Map Filters NONE Filters NONE Steam 1 RUN: fadbac9a-0d3a-405e-a593-766103ba6f0e